 Dungeon Crawl Stone Soup version 0.18-a0-1164-g7046a04 (webtiles) character file.

166 M4edhros the Sneak (level 5, -5/33 HPs)
             Began as an Octopode Artificer on Jan 26, 2016.
             Slain by an ogre
             ... wielding a +0 giant club
              (13 damage)
             ... on level 4 of the Dungeon.
             The game lasted 00:02:46 (1217 turns).

M4edhros the Sneak (Octopode Artificer)             Turns: 1217, Time: 00:02:46

Health: -5/33      AC:  1    Str: 10    XL:     5   Next: 47%
Magic:  8/8        EV: 13    Int: 15    God:
Gold:   86         SH:  0    Dex: 13    Spells: 0 memorised, 4 levels left

rFire  . . .     SeeInvis .     g - +0 short sword (venom)
rCold  . . .     Gourm    .     (no shield)
rNeg   . . .     Faith    .     (helmet restricted)
rPois  .         Spirit   .     (no amulet)
rElec  .         Dismiss  .     (no ring)
rCorr  .         Reflect  .     (no ring)
SustAt .         Harm     .     (no ring)
MR     .....                    (no ring)
Stlth  ++++......               (no ring)
                                (no ring)
                                (no ring)
                                (no ring)

@: slowed, very slow, not resistant to hostile enchantments, stealthy
A: almost no armour, amphibious, 8 rings, constrict 8, camouflage 1, gelatinous
body 1
a: no special abilities


You were on level 4 of the Dungeon.
You were hungry.

You visited 1 branch of the dungeon, and saw 4 of its levels.

You collected 86 gold pieces.

Inventory:

Hand Weapons
 a - a +0 short sword
 g - a +0 short sword of venom (weapon)
 l - a +4 quarterstaff of chaos
Missiles
 h - 97 stones (quivered)
 p - 15 sling bullets
Wands
 b - a wand of flame (14/48)
 c - a wand of enslavement (9/24)
 d - a wand of random effects (12/48)
Scrolls
 i - 4 scrolls of remove curse {unknown}
 j - a scroll of fog {unknown}
 k - a scroll of enchant armour {unknown}
 o - a scroll of teleportation {unknown}
Potions
 e - a potion of lignification {unknown}
 m - a potion of brilliance {unknown}
 q - a potion of agility {unknown}
Comestibles
 f - 3 bread rations
 n - a beef jerky


   Skills:
 - Level 1.0 Fighting
 - Level 1.0 Short Blades
 * Level 3.7 Dodging
 * Level 4.5 Stealth
 + Level 4.3 Evocations


You had 4 spell levels left.
You didn't know any spells.

Dungeon Overview and Level Annotations

Branches:
Dungeon (4/15)
 Temple: D:4-7

Altars:
Gozag
Sif Muna


Innate Abilities, Weirdness & Mutations

You cannot wear most types of armour.
You are amphibious.
You can wear up to eight rings at the same time.
You can use your tentacles to constrict eight enemies at once.
Your skin changes colour to match your surroundings (Stealth).
Your rubbery body absorbs attacks (AC +1).


Message History

Evoke which item? (* to show all) (? for menu, Esc to quit)
Zapping:
c - a wand of enslavement (11/24)
Press: ? - help, Shift-Dir - straight line, f/p - ogre
Aim: an ogre, wielding a giant club (chance to defeat MR: 54%)
The ogre resists with significant effort.
This wand has 10 charges left.
Your orc wizard casts a cantrip, but nothing happens.
The ogre barely misses you. The orc closely misses your orc wizard.
Your orc wizard gestures at the orc wizard while chanting.
The puff of flame hits the orc wizard.
The orc barely misses you. The orc closely misses your orc wizard.
Evoke which item? (* to show all) (? for menu, Esc to quit)
Zapping:
c - a wand of enslavement (10/24)
Press: ? - help, Shift-Dir - straight line, f/p - ogre
Aim: an ogre, wielding a giant club (chance to defeat MR: 54%)
The ogre resists with significant effort.
This wand has 9 charges left.
Your orc wizard closely misses the orc wizard.
The ogre hits you with a giant club!
You die...

####### ...#...
#####.....#####
.(.....
...............
.........
#####.....##### .
...$... ### #.....#
#.. #. .......
..###.....# #.##.
o...... ....#.....#
#.#..##oo.#
..#.......###.#o##oo#
...##.........#.@O.##
...##.....##..#.####
...###.##.###...####
...................#
...##..##.#.....##.##
..###.##.>)..#..##..#
...##.##....###.....#
##.#..##...##
#.##..## ##.#.###...#
#.##...##


You could see an ogre, 2 orc wizards, 2 orcs and a friendly orc wizard
(invisible).

Vanquished Creatures
  An ogre (D:4)
  Crazy Yiuf (D:2)
  A gnoll (D:1)
  An adder (D:2)
  3 adder skeletons
  2 giant geckos (D:4)
  2 orcs (D:4)
  2 bats (D:1)
  A giant cockroach (D:2)
  4 jackals
  A quokka (D:3)
  A giant newt (D:1)
  2 goblins
  4 kobolds
  4 rats
30 creatures vanquished.

Vanquished Creatures (others)
  An orc wizard (D:4)
1 creature vanquished.

Grand Total: 31 creatures vanquished

Notes
Turn   | Place    | Note
--------------------------------------------------------------
     0 | D:1      | M4edhros the Octopode Artificer began the quest for the Orb.
     0 | D:1      | Reached XP level 1. HP: 13/13 MP: 3/3
    66 | D:1      | Reached XP level 2. HP: 5/18 MP: 4/4
   382 | D:2      | Found a deep blue altar of Sif Muna.
   513 | D:2      | Reached XP level 3. HP: 14/23 MP: 5/5
   545 | D:2      | Noticed Crazy Yiuf
   700 | D:2      | Killed Crazy Yiuf
   700 | D:2      | Reached XP level 4. HP: 28/28 MP: 6/6
   820 | D:3      | Reached skill level 4 in Evocations
  1017 | D:4      | Noticed an ogre
  1028 | D:4      | Killed an ogre
  1028 | D:4      | Reached XP level 5. HP: 31/33 MP: 8/8
  1140 | D:4      | Found an opulent altar of Gozag.
  1206 | D:4      | Noticed an ogre
  1217 | D:4      | Slain by an ogre

Vault maps used:
D:1:      dpeg_arrival_simpleton_c, lexackson_kobold_supper
D:2:      evilmike_ruin_ashenzari, led_sif_pool, first_bread,
          uniq_crazy_yiuf_cottage
D:3:      marbit_many_paths
D:4:      grunt_gozag_breadcrumbs, nicolae_qazlal_eye_of_the_storm,
          elyvilon_altar_4

Action                   |  1- 3 |  4- 6 || total
-------------------------+-------+-------++-------
Melee: Short sword       |    27 |    11 ||    38
       Quarterstaff      |       |    14 ||    14
Evoke: Wand              |     1 |     9 ||    10
 Stab: Sleeping          |     2 |     6 ||     8
       Paralysed         |       |     1 ||     1
